 Dungeon Crawl Stone Soup version 0.29-a0-716-gf28ee254f9 (webtiles) character file.

Game seed: 2014394697852733808

688 PentaManta the Skirmisher (level 7, 0/33 HPs)
             Began as a Spriggan Hunter on June 26, 2022.
             Succumbed to a scorpion's poison
             ... on level 5 of the Dungeon.
             The game lasted 00:08:22 (3474 turns).

PentaManta the Skirmisher (Spriggan Hunter)         Turns: 3474, Time: 00:08:23

Health: 0/33       AC:  2    Str: 11      XL:     7   Next: 36%
Magic:  8/8        EV: 17    Int: 12      God:
Gold:   164        SH:  0    Dex: 17 (19) Spells: 6/6 levels left

rFire   . . .      SeeInvis +   a - +0 shortbow
rCold   . . .      Faith    .   (shield currently unavailable)
rNeg    . . .      Spirit   .   i - +0 robe of the Pits of Slime {rElec Int+2}
rPois   .          Reflect  .   (helmet restricted)
rElec   +          Harm     .   (no cloak)
rCorr   .          Rampage  .   (gloves unavailable)
Will    +....                   (boots unavailable)
Stlth   +++.......              (no amulet)
HPRegen 0.11/turn               (no ring)
MPRegen 0.11/turn               (no ring)

@: lethally poisoned (0 -> -4), on berserk cooldown, slowed, quick
A: very small, no large weapons, unfitting armour, see invisible, speed 3, horns
1, camouflage 1, strong 1, evolution 1
a: no special abilities


You were on level 5 of the Dungeon.
You visited 1 branch of the dungeon, and saw 5 of its levels.
You also visited: Sewer.

You collected 164 gold pieces.

Inventory:

Hand Weapons
 a - a +0 shortbow (weapon)
Missiles
 h - a curare-tipped dart
 o - 18 poisoned darts
Armour
 i - the +0 robe of the Pits of Slime (worn) {rElec Int+2}
   (You found it on level 2 of the Dungeon)

   Int:       It affects your intelligence (+2).
   rElec:     It insulates you from electricity.
Jewellery
 k - an amulet of magic regeneration
Scrolls
 b - 4 scrolls of immolation
 c - 5 scrolls of identify
 f - a scroll of fog
 g - a scroll of magic mapping
Potions
 d - 3 potions of brilliance
 e - a potion of haste


   Skills:
 - Level 1.5 Fighting
 + Level 10.8 Ranged Weapons
 - Level 2.6 Dodging
 - Level 1.5 Stealth


You had 6 spell levels left.
You didn't know any spells.
Your spell library contained the following spells:

 Spells                   Type           Power      Damage    Failure   Level
 Ensorcelled Hibernation  Hex/Ice        0%         N/A       45%         2
 Spider Form              Tmut/Pois      0%         N/A       69%         3
 Anguish                  Hex/Necr       0%         N/A       97%         4


Dungeon Overview and Level Annotations

Branches:
Dungeon (5/15)              Sewer (visited)
 Temple: D:4-7

Altars:
Dithmenos
Nemelex Xobeh
Ru
Sif Muna
Trog
Uskayaw
Yredelemnul

Annotations:
D:3 1 exclusion


Innate Abilities, Weirdness & Mutations

You are very small and have problems with some larger weapons.
You are too small for most types of armour.
You have supernaturally acute eyesight. (SInv)
You cover ground extremely quickly. (Speed+++)
You have a pair of small horns on your head.
Your skin changes colour to match your surroundings (Stealth+).
Your muscles are strong. (Str +4, Int/Dex -1)
You have hidden genetic potential.


Message History

You feel very sick.
You feel very sick.
You feel very sick.
You feel sick.
You feel very sick.
* * * LOW HITPOINT WARNING * * *
You feel sick.
Fire: a) +0 shortbow
Press: ? - help, Q - select action, (/) - cycle Shift-Dir - straight line, f/p - scorpion
Aim: a scorpion (black smoke, almost dead, 65% to hit)
You shoot an arrow. The arrow hits the scorpion.
The scorpion is almost dead.
* * * LOW HITPOINT WARNING * * *
You feel sick.
Fire: a) +0 shortbow
Press: ? - help, Q - select action, (/) - cycle Shift-Dir - straight line, f/p - scorpion
Aim: a scorpion (black smoke, almost dead, 65% to hit)
You shoot an arrow. The arrow hits the scorpion!
You kill the scorpion!
* * * LOW HITPOINT WARNING * * *
You feel very sick.
You feel your dexterity returning.
Do you really want to go berserk while wielding your +0 shortbow?
Okay, then.
Do you really want to go berserk while wielding your +0 shortbow?
A red film seems to cover your vision as you go berserk!
You feel yourself moving faster!
You feel mighty!
* * * LOW HITPOINT WARNING * * *
You feel sick.
Unknown command.
You feel a strong urge to attack something.
* * * LOW HITPOINT WARNING * * *
You feel sick.
You are too berserk!
* * * LOW HITPOINT WARNING * * *
You feel sick.
You feel your anger nearly subside.
You are no longer berserk.
You are exhausted.
You feel yourself slow down.
You die...

#########################
....)...................>
#########.####.§§#######.
#.###§.§§§##
#####.##§§.§§§§## #
#.....#§§§§§§§§§#.# ##
#.###.§§§§§§.§.§§.# .#
#.§§§.§_@.....# .##
#.§§§§§.§§§...# ..#
#.#§§§§†§§§§### #.#
#.##§§§.§§§## #.##
..###§..§§## #..# ##.#
##.§§##### ##.## #.#
#.§....<# #..# #.#
##.#.#### ##.#
#.#........


There were no monsters in sight!

Vanquished Creatures
  An ogre (D:5)
  2 kobold brigands (Sewer)
  A phantom (D:5)
  2 scorpions
  A gnoll shaman (D:5)
  An iguana (D:4)
  4 gnolls
  5 adders
  A river rat (Sewer)
  2 ufetubi (D:4)
  4 worms
  A dart slug (D:1)
  7 orcs
  9 endoplasms
  2 giant cockroaches
  7 goblins
  4 hobgoblins
  7 jackals
  3 quokkas
  13 ball pythons
  6 bats
  2 frilled lizards
  18 kobolds
  8 rats
111 creatures vanquished.

Notes
Turn   | Place    | Note
-------+----------+-------------------------------------------
     0 | D:1      | PentaManta the Spriggan Hunter began the quest for the Orb.
     0 | D:1      | Reached XP level 1. HP: 10/10 MP: 2/2
    35 | D:1      | Reached skill level 5 in Ranged Weapons
    50 | D:1      | Reached XP level 2. HP: 14/14 MP: 3/3
   587 | D:1      | Reached skill level 6 in Ranged Weapons
   605 | D:1      | Reached XP level 3. HP: 18/18 MP: 4/4
   835 | D:2      | Identified the +0 robe of the Pits of Slime {rElec Int+2}
  1315 | D:2      | Found a faded altar of an unknown god.
  1467 | D:3      | Found a sparkling altar of Nemelex Xobeh.
  1619 | D:3      | Reached XP level 4. HP: 22/22 MP: 5/5
  1658 | D:3      | Reached skill level 7 in Ranged Weapons
  1744 | D:3      | Found a basalt altar of Yredelemnul.
  1744 | D:3      | Found a bloodstained altar of Trog.
  1903 | D:3      | Found a glowing drain.
  1908 | Sewer    | Entered a sewer
  2052 | Sewer    | Noticed a kobold brigand
  2092 | Sewer    | Killed a kobold brigand
  2093 | Sewer    | Reached skill level 8 in Ranged Weapons
  2093 | Sewer    | Reached XP level 5. HP: 13/25 MP: 6/6
  2380 | Sewer    | Reached XP level 6. HP: 27/30 MP: 7/7
  2465 | Sewer    | Gained mutation: Your skin changes colour to match your
                  | surroundings (Stealth+). [potion of mutation]
  2465 | Sewer    | Gained mutation: You have hidden genetic potential. [potion
                  | of mutation]
  2465 | Sewer    | Gained mutation: Your muscles are strong. (Str +4, Int/Dex
                  | -1) [potion of mutation]
  2664 | D:3      | Found a sacrificial altar of Ru.
  2779 | D:4      | Found a shimmering blue altar of Sif Muna.
  2809 | D:4      | Found a hide-covered altar of Uskayaw.
  2839 | D:4      | Reached skill level 9 in Ranged Weapons
  3249 | D:5      | Entered Level 5 of the Dungeon
  3258 | D:5      | Reached skill level 10 in Ranged Weapons
  3347 | D:5      | Reached XP level 7. HP: 33/33 MP: 8/8
  3355 | D:5      | Gained mutation: You have a pair of small horns on your
                  | head. [hidden potential]
  3415 | D:5      | Found a shadowy altar of Dithmenos.
  3474 | D:5      | Succumbed to a scorpion's poison

Illustrated notes

Levels and vault maps discovered:
D:1:      nicolae_arrival_somewhat_less_tricky_arrival, layout_basic,
          minmay_misc_feat_cross, fountainhead, nicolae_figureground_sparkle
D:2:      layout_basic, ebering_ecumenical_altar_box, hex_intersection
D:3:      layout_rooms, gammafunk_temple_overflow_wave,
          mainiacjoe_overflow_small_starburst, nicolae_ru_sacrificial_ziggurat,
          portal_sewer_entry_e, minmay_surrounded
D:4:      minmay_evil_eye, layout_basic, lemuel_tele_altar,
          mainiacjoe_overflow_concentric_impassable,
          chequers_serial_rivers_micro_e, st_stairs_2
D:5:      layout_basic, nicolae_dithmenos_the_darkroom

Skill      XL: |  1  2  3  4  5  6 |
---------------+-------------------+-----
Ranged Weapons | 5 6 8 10 | 10.8
Fighting       | |  1.5
Dodging        | |  2.6
Stealth        | |  1.5

Action                   |  1- 3 |  4- 6 |  7- 9 || total
-------------------------+-------+-------+-------++-------
 Fire: Shortbow          |   104 |   173 |    24 ||   301
  Use: Scroll            |     5 |     4 |       ||     9
       Potion            |       |     7 |     2 ||     9
Armor: Robe              |     1 |     3 |       ||     4
Dodge: Dodged            |    22 |    31 |     1 ||    54

Table legend: (Time is in decaauts)
 A = Elapsed time spent in this place.
 B = Non-inter-level travel time spent in this place.
 C = Inter-level travel time spent in this place.
 D = Time resting spent in this place.
 E = Time spent auto-exploring this place.
 F = Levels seen in this place.
 G = Mean time per level.
                   A        B        C        D        E       F      G
               +--------+--------+--------+--------+--------+-----+--------+
         Total |   2529 |   2476 |     53 |    142 |   1704 |   6 |  421.5 |
       Dungeon |   1963 |   1910 |     53 |      0 |   1467 |   5 |  392.6 |
         Sewer |    566 |    566 |      0 |    142 |    237 |   1 |  566.0 |
               +--------+--------+--------+--------+--------+-----+--------+

Top non-repeatable levels by time:
   Sewer: 566 daAuts
     D:3: 511 daAuts
     D:2: 496 daAuts
     D:1: 466 daAuts
     D:4: 320 daAuts
     D:5: 168 daAuts
